 Dungeon Crawl Stone Soup version 0.25-a0-843-g6944ee3 (webtiles) character file.

Game seed: 12708953215764417623, levelgen mode: deterministic

4594 Faca the Whirler (level 10, -2/76 HPs)
             Began as a Halfling Hunter on Apr 25, 2020.
             Was a Believer of Okawaru.
             Slain by a troll (11 damage)
             ... on level 12 of the Dungeon.
             The game lasted 00:19:01 (10755 turns).

Faca the Whirler (Halfling Hunter)                 Turns: 10755, Time: 00:19:01

Health: -2/76      AC: 11    Str: 16    XL:     10   Next: 68%
Magic:  9/10       EV: 12    Int:  9    God:    Okawaru [**....]
Gold:   578        SH:  5    Dex: 20    Spells: 9/9 levels left

rFire    . . .     SeeInvis .   B - +2 whip (elec)
rCold    . . .     Gourm    .   l - +0 buckler
rNeg     . . .     Faith    .   m - +2 scale mail {MR+}
rPois    .         Spirit   .   (no helmet)
rElec    .         Reflect  .   n - +1 cloak
rCorr    .         Harm     .   x - +0 pair of gloves
MR       +....                  (no boots)
Stlth    +.........             (no amulet)
HPRegen  0.22/turn              v - ring of flight
MPRegen  0.12/turn              w - +4 ring of dexterity

@: no status effects
A: small, mutation resistance 1
a: Heroism, Renounce Religion, Evoke Flight


You were on level 12 of the Dungeon.
You worshipped Okawaru.
Okawaru was pleased with you.
You were very hungry.

You visited 2 branches of the dungeon, and saw 11 of its levels.

You collected 578 gold pieces.

Inventory:

Hand Weapons
 a - a +2 hunting sling
 B - a +2 whip of electrocution (weapon)
Missiles
 d - 53 sling bullets
 h - 325 stones (quivered)
 o - 3 throwing nets
Armour
 l - a +0 buckler (worn)
 m - a +2 scale mail of magic resistance (worn)
 n - a +1 cloak (worn)
 q - a +0 kite shield
 x - a +0 pair of gloves (worn)
Jewellery
 v - a ring of flight (left hand)
 w - a +4 ring of dexterity (right hand)
Wands
 p - a wand of paralysis (7)
 s - a wand of iceblast (8)
 u - a wand of disintegration (17)
 y - a wand of enslavement (8)
Scrolls
 c - 2 scrolls of fog
 g - a scroll of enchant weapon
 i - 6 scrolls of remove curse
 k - a scroll of teleportation
 C - a scroll of blinking
Potions
 b - a potion of invisibility
 e - 3 potions of curing
 j - 2 potions of brilliance {unknown}
 r - a potion of berserk rage {unknown}
 t - a potion of might
 z - 2 potions of mutation {unknown}
Comestibles
 f - 10 rations


   Skills:
 + Level 9.9 Fighting
 + Level 15.1 Slings
 - Level 2.1 Dodging
 - Level 1.1 Stealth


You had 9 spell levels left.
You didn't know any spells.
Your spell library contained the following spells:

 Spells                   Type           Power        Failure   Level  Hunger
 Shock                    Conj/Air       #...         95%         1    ##.....
 Swiftness                Chrm/Air       #.......     99%         2    ###....
 Static Discharge         Conj/Air       #.......     100%        3    ####...
 Airstrike                Air            #.........   100%        4    #####..
 Lightning Bolt           Conj/Air       #.........   100%        5    ######.


Dungeon Overview and Level Annotations

Branches:
Dungeon (9/15)             Temple (1/1) D:5             Orc (0/2) D:12
   Lair: D:8-11

Altars:
Ashenzari
Cheibriados
Dithmenos
Elyvilon
Fedhas
Gozag
Hepliaklqana
Kikubaaqudgha
Makhleb
Nemelex Xobeh
Okawaru
Qazlal
Ru
Sif Muna
Trog
Uskayaw
Vehumet
Wu Jian
Xom
Yredelemnul
Zin
The Shining One


Innate Abilities, Weirdness & Mutations

You are small and have problems with some larger weapons.
You are somewhat resistant to further mutation.


Message History

The troll is moderately wounded.
You feel like a meek peon again. The troll bites you but does no damage.
The troll closely misses you. The troll claws you.
You barely miss the troll.
The troll is moderately wounded.
The troll bites you! The troll closely misses you. The troll claws you.
The troll misses you. The troll claws you.
* * * LOW HITPOINT WARNING * * *
The troll barely misses you.
You hit the troll.
The troll is moderately wounded.
The troll misses you. The troll closely misses you.
You block the troll's attack.
You hit the troll.
The troll is moderately wounded.
The troll bites you!
* * * LOW HITPOINT WARNING * * *
The troll claws you but does no damage. The troll claws you!
You die...

#.............
#.............
######.............
#...........#####..
#...........#. .
#............♣
#.Z..Z.T≈≈♣.♣...
##T#####...≈..≈≈
#@# #♣≈.≈≈≈≈≈≈ #.#
.....≈≈≈. #.#
≈..♣≈≈. #.# #.≈≈≈.
... ≈.≈ ... ...
#....


You could see a troll and a centaur warrior zombie.

Vanquished Creatures
  A two-headed ogre (D:9)
  Pikel (D:7)
  A centaur skeleton (D:12)
  Grinder (D:5)
  A spriggan (D:8)
  A hungry ghost (D:7)
  A sky beast (D:5)
  An ogre (D:6)
  An ice beast (D:8)
  2 phantoms
  2 centaurs
  9 bullfrogs
  A scorpion (D:4)
  4 killer bees (D:12)
  3 howler monkeys (D:8)
  A centaur zombie (D:5)
  A crimson imp (D:8)
  A bullfrog zombie (D:6)
  3 hounds
  2 jellies
  2 orc priests
  9 orc wizards
  A bullfrog skeleton (D:4)
  2 iguanas
  8 worker ants
  A hound skeleton (D:7)
  A worker ant zombie (D:6)
  17 gnolls
  12 adders
  A shadow imp (D:9)
  An ooze (D:1)
  An adder skeleton (D:4)
  3 leopard geckos
  28 orcs
  17 giant cockroaches
  8 goblins
  10 hobgoblins
  3 jackals (D:4)
  5 kobolds
  3 quokkas (D:4)
  2 ball pythons
  4 bats
  2 frilled lizards
  A quokka zombie (D:9)
  7 rats
187 creatures vanquished.

Vanquished Creatures (others)
  An orc wizard (D:6)
  A gnoll (D:7)
2 creatures vanquished.

Grand Total: 189 creatures vanquished

Notes
Turn   | Place    | Note
-------+----------+-------------------------------------------
     0 | D:1      | Faca the Halfling Hunter began the quest for the Orb.
     0 | D:1      | Reached XP level 1. HP: 14/14 MP: 1/1
   144 | D:1      | Reached skill level 6 in Slings
   149 | D:1      | Reached XP level 2. HP: 14/19 MP: 2/2
   554 | D:1      | Reached XP level 3. HP: 24/25 MP: 3/3
  1000 | D:2      | Reached XP level 4. HP: 16/30 MP: 4/4
  1176 | D:2      | Found a sparkling altar of Nemelex Xobeh.
  1361 | D:2      | Reached skill level 7 in Slings
  1760 | D:3      | Noticed a +0 dagger
  1760 | D:3      | Noticed a +0 dagger
  1761 | D:3      | Found a hide-covered altar of Uskayaw.
  1800 | D:3      | Reached XP level 5. HP: 22/36 MP: 5/5
  2894 | D:4      | Reached skill level 8 in Slings
  2894 | D:4      | Reached XP level 6. HP: 26/43 MP: 6/6
  3308 | D:4      | Found a glowing golden altar of the Shining One.
  4040 | D:4      | Reached XP level 7. HP: 20/49 MP: 7/7
  4048 | D:4      | Reached skill level 9 in Slings
  4505 | D:4      | Found a stormy altar of Qazlal.
  4628 | D:4      | Reached skill level 5 in Fighting
  4965 | D:5      | Entered Level 5 of the Dungeon
  4979 | D:5      | Found a staircase to the Ecumenical Temple.
  4983 | Temple   | Entered the Ecumenical Temple
  5084 | D:5      | Reached skill level 10 in Slings
  5251 | D:5      | Reached XP level 8. HP: 30/56 MP: 8/8
  5588 | D:5      | Found an iron altar of Okawaru.
  5598 | D:5      | Became a worshipper of Warmaster Okawaru
  5700 | D:5      | Noticed Grinder
  5702 | D:5      | Paralysed by Grinder for 2 turns
  5719 | D:5      | Killed Grinder
  6018 | D:6      | Found a sacrificial altar of Ru.
  6051 | D:6      | Reached skill level 11 in Slings
  7190 | D:6      | Reached XP level 9. HP: 62/64 MP: 9/9
  7514 | D:7      | Reached * piety under Okawaru
  7514 | D:7      | Reached skill level 12 in Slings
  7811 | D:7      | Found an opulent altar of Gozag.
  8185 | D:7      | Noticed Pikel
  8204 | D:7      | Killed Pikel
  8204 | D:7      | Reached skill level 13 in Slings
  9001 | D:8      | Found a shattered altar of Ashenzari.
  9136 | D:8      | Reached ** piety under Okawaru
  9136 | D:8      | Reached XP level 10. HP: 66/73 MP: 10/10
  9687 | D:8      | Reached skill level 14 in Slings
 10112 | D:9      | Noticed a two-headed ogre
 10126 | D:9      | Killed a two-headed ogre
 10598 | D:9      | You fall into a shaft and drop 3 floors!
 10613 | D:12     | Noticed a two-headed ogre
 10619 | D:12     | Found a staircase to the Orcish Mines.
 10662 | D:12     | Reached skill level 15 in Slings
 10755 | D:12     | Slain by a troll

Levels and vault maps discovered:
D:1:      dpeg_arrival_line_fractal, layout_loops_ring
D:2:      minmay_roachtagon, layout_rooms, nemelex_xobeh_ov_fountains_minmay
D:3:      layout_basic, dancing_weapons_uskayaw
D:4:      layout_loops_cross, nicolae_tso_carved_into_rock, old_standard_altar,
          minmay_mini_jars
D:5:      layout_rooms, okawaru_metal_pillars_3,
          minmay_temple_entry_butterflies, first_ration, uniq_grinder
D:6:      layout_loops_corners, nicolae_ru_sacrificial_ziggurat
D:7:      layout_basic, grunt_gozag_statues, uniq_pikel
D:8:      layout_basic, lemuel_doored_altar, the_bakery
D:9:      layout_basic, serial_shops, nicolae_shop_statue_plus,
          hangedman_abyss_or_decor_stagger, minmay_misc_feat_hallway
D:12:     layout_irregular_city, david_orc_2, ebering_ghost_reflecting_pool,
          portal_ice_cave_entry_imps, grunt_ministairs_4,
          chequers_serial_rivers_marsh, uniq_rupert
Temple:   nicolae_temple_great_sept

Skill      XL: |  1  2  3  4  5  6  7  8  9 10 |
---------------+-------------------------------+-----
Fighting       | 2 3 4 5 7 8 9 |  9.9
Slings         | 6 7 8 10 11 13 15 | 15.1
Dodging        | |  2.1
Stealth        | |  1.1

Action                   |  1- 3 |  4- 6 |  7- 9 | 10-12 || total
-------------------------+-------+-------+-------+-------++-------
Melee: Short sword       |   156 |   319 |    54 |       ||   529
       Spear             |       |       |   316 |       ||   316
       Whip              |       |       |    85 |   146 ||   231
 Fire: Hunting sling     |       |    32 |    46 |    14 ||    92
Invok: Heroism           |       |       |     1 |     2 ||     3
Evoke: Wand              |       |       |     1 |       ||     1
  Use: Scroll            |     1 |     7 |     6 |     4 ||    18
       Potion            |       |     2 |     1 |     1 ||     4
 Stab: Paralysed         |       |       |    10 |       ||    10
  Eat: Chunk             |       |     7 |    16 |     4 ||    27
       Ration            |       |     1 |     2 |       ||     3
Armor: Leather armour    |     6 |       |       |       ||     6
       Scale mail        |    59 |   112 |   147 |    65 ||   383
Dodge: Dodged            |    98 |   192 |   190 |   120 ||   600
Block: Buckler           |       |    70 |    83 |    38 ||   191

Table legend:
 A = Non-vault XP
 B = Vault XP
 C = Vault XP percentage of total XP
 D = Non-vault monster count
 E = Vault monster count
 F = Vault count percentage of total count
                 A         B        C        D         E       F
            +---------+---------+-------+---------+---------+-------
      Total |    5238 |    1326 |  20.2 |     168 |      20 |  10.6
            +---------+---------+-------+---------+---------+-------
        D:1 |      36 |       0 |   0.0 |      18 |       0 |   0.0
        D:2 |      60 |      20 |  25.0 |      15 |      10 |  40.0
        D:3 |     119 |       0 |   0.0 |      27 |       0 |   0.0
        D:4 |     406 |     212 |  34.3 |      26 |       7 |  21.2
        D:5 |     338 |     272 |  44.6 |       8 |       1 |  11.1
        D:6 |     690 |       0 |   0.0 |      19 |       0 |   0.0
        D:7 |     681 |     607 |  47.1 |      16 |       1 |   5.9
        D:8 |     822 |     215 |  20.7 |      18 |       1 |   5.3
        D:9 |    1300 |       0 |   0.0 |      14 |       0 |   0.0
       D:12 |     786 |       0 |   0.0 |       7 |       0 |   0.0
            +---------+---------+-------+---------+---------+-------
